 Dungeon Crawl Stone Soup version 0.21-a0-225-g207ae17 (webtiles) character file.

133 Blomdor the Chopper (level 5, 0/39 HPs)
             Began as a Barachi Skald on Aug 28, 2017.
             Killed from afar by an orc wizard (3 damage)
             ... with a puff of flame
             ... on level 4 of the Dungeon.
             The game lasted 00:05:47 (2993 turns).

Blomdor the Chopper (Barachi Skald)                 Turns: 2993, Time: 00:05:48

Health: 0/39       AC: 10    Str: 13    XL:     5   Next: 16%
Magic:  8/8        EV:  6    Int: 13    God:
Gold:   115        SH:  0    Dex: 12    Spells: 7/8 levels left

rFire    . . .     SeeInvis .   a - +0 hand axe
rCold    . . .     Gourm    .   (no shield)
rNeg     . . .     Faith    .   f - +0 chain mail
rPois    .         Spirit   .   (no helmet)
rElec    .         Reflect  .   h - +0 cloak
rCorr    .         Harm     .   b - +0 pair of gloves
MR       .....                  (no boots)
Stlth    ..........             (no amulet)
HPRegen  0.13/turn              j - ring of loudness
MPRegen  0.11/turn              (no ring)

@: can't hop, slow
A: +LOS, swims, slowness 1, strong legs 1
a: Hop


You were on level 4 of the Dungeon.
You were not hungry.

You visited 1 branch of the dungeon, and saw 4 of its levels.

You collected 115 gold pieces.

Inventory:

Hand Weapons
 a - a +0 hand axe (weapon)
Armour
 b - a +0 pair of gloves (worn)
 f - a +0 chain mail (worn)
 h - a +0 cloak (worn)
Jewellery
 j - a ring of loudness (left hand)
Scrolls
 k - 3 scrolls of identify
 o - a scroll of recharging
 p - a scroll of enchant armour
Books
 c - a book of Battle

   Spells                             Type                      Level
   a - Infusion                       Charms                       1
   b - Shroud of Golubria             Charms/Translocation         2
   c - Song of Slaying                Charms                       2
   d - Spectral Weapon                Hexes/Charms                 3
   e - Regeneration                   Charms/Necromancy            3
Comestibles
 d - 3 bread rations
 g - 3 royal jellies


   Skills:
 + Level 2.7 Fighting
 * Level 5.3 Axes
 + Level 2.1 Armour
 - Level 2.1 Dodging
 - Level 2.1 Spellcasting
 - Level 3.2 Charms


You had 7 spell levels left.
You knew the following spells:

 Your Spells              Type           Power        Failure   Level  Hunger
a - Infusion              Chrm           #...         90%         1    ##.....


Dungeon Overview and Level Annotations

Branches:
Dungeon (4/15)
 Temple: D:4-7

Altars:


Innate Abilities, Weirdness & Mutations

Shadows flee at your approach. (+LOS)
You can swim through water.
You cover ground slowly.
You can hop short distances.


Message History

The orc wizard mumbles some strange words.
The orc wizard seems to speed up.
The worker ant bites you but does no damage.
Something hits you.
* * * LOW HITPOINT WARNING * * *
Unknown command.
The worker ant bites you but does no damage.
The orc wizard barely misses you.
You feel less confused.
The worker ant bites you but does no damage.
Okay, then.
You aren't carrying any potions.
Hop to where?
Press: ? - help, Dir - move target cursor Boing!
The orc wizard gestures wildly while chanting.
The orc wizard blinks!
A puff of flame appears from out of thin air!
The puff of flame hits you!
You die...

...........# ...........##
#...#### .######..{..####
##......# ###ยง.....#####
#........ #a.........###........
#.....................
##.....................
##.[...######...........
##....o.@.####...........
##...#.......##...........
##...#####........####.....
...##...## ###.....#######.<.
#.........### ###.............
............### ###............
.###..........####..............
#...##.......#......#######..
##.. ####..........## #..


You could see a worker ant and an orc wizard.

Vanquished Creatures
  4 adders
  2 oozes
  2 worms
  4 dart slugs
  A leopard gecko (D:2)
  11 orcs
  5 bats
  5 giant cockroaches
  5 goblins
  5 hobgoblins
  A quokka (D:2)
  A ball python (D:2)
  A ball python skeleton (D:4)
  2 frilled lizards (D:1)
  6 kobolds
  10 rats
65 creatures vanquished.

Notes
Turn   | Place    | Note
-------+----------+-------------------------------------------
     0 | D:1      | Blomdor the Barachi Skald began the quest for the Orb.
     0 | D:1      | Reached XP level 1. HP: 17/17 MP: 3/3
   327 | D:1      | Reached XP level 2. HP: 23/23 MP: 5/5
   339 | D:1      | Reached skill level 3 in Axes
  1113 | D:2      | Reached XP level 3. HP: 25/28 MP: 6/6
  1265 | D:2      | Reached skill level 4 in Axes
  1527 | D:2      | Reached XP level 4. HP: 32/34 MP: 7/7
  1811 | D:3      | Reached skill level 5 in Axes
  2664 | D:3      | Reached XP level 5. HP: 24/39 MP: 8/8
  2993 | D:4      | Killed from afar by an orc wizard

Vault maps used:
D:1:      roderic_crop_circles_arrival_small
D:2:      serial_corexii_hall, corexii_hall_statues_s, corexii_hall_statues_t
D:3:      first_bread
D:4:      minmay_misc_feat_enclosed

Skill      XL: |  1  2  3  4  5 |
---------------+----------------+-----
Axes           | 3 4 5 |  5.3
Armour         | 2 |  2.1
Fighting       | |  2.7
Dodging        | |  2.1
Spellcasting   | |  2.1
Charms         | |  3.2

Action                   |  1- 3 |  4- 6 || total
-------------------------+-------+-------++-------
Melee: Hand axe          |   134 |   135 ||   269
 Abil: Hop               |       |     1 ||     1
  Use: Scroll            |       |     7 ||     7
       Potion            |       |     2 ||     2
  Eat: Chunk             |     3 |     5 ||     8
Armor: Leather armour    |    15 |       ||    15
       Chain mail        |    90 |   106 ||   196
Dodge: Dodged            |    52 |    38 ||    90

Table legend:
 A = Spawn XP
 B = Non-spawn XP
 C = Spawn XP percentage of total XP
 D = Spawn monster count
 E = Non-spawn monster count
 F = Spawn count percentage of total count
 G = Total turns spent on level
                    A         B        C        D         E        F      G
               +---------+---------+-------+---------+---------+-------+---------
         Total |      22 |     169 |  11.5 |       9 |      56 |  13.8 |  2993
               +---------+---------+-------+---------+---------+-------+---------
           D:1 |       5 |      22 |  18.5 |       3 |      11 |  21.4 |  1014
           D:2 |       7 |      60 |  10.4 |       3 |      19 |  13.6 |   707
           D:3 |      10 |      56 |  15.2 |       3 |      17 |  15.0 |  1081
           D:4 |       0 |      31 |   0.0 |       0 |       9 |   0.0 |   191
               +---------+---------+-------+---------+---------+-------+---------
